 Dungeon Crawl Stone Soup version 0.21-a0-94-gdd6ab6a (webtiles) character file.

6585 grindst0ne the Covert (level 11, -4/78 HPs)
             Began as a Merfolk Assassin on July 3, 2017.
             Was a Believer of Dithmenos.
             Splashed by a jelly's acid (10 damage)
             ... on level 8 of the Dungeon.
             The game lasted 00:38:58 (16234 turns).

grindst0ne the Covert (Merfolk Assassin)           Turns: 16234, Time: 00:38:59

Health: -4/78      AC: -12   Str: 10    XL:     11   Next: 1%
Magic:  16/16      EV: 15    Int: 13    God:    Dithmenos [**....]
Gold:   292        SH:  0    Dex: 18    Spells: 10/10 levels left

rFire    . . .     SeeInvis .   a - +2 dagger (venom)
rCold    . . .     Gourm    .   (no shield)
rNeg     . . .     Faith    .   c - +0 robe
rPois    +         Spirit   .   (no helmet)
rElec    .         Reflect  .   d - +0 cloak
rCorr    .         Harm     .   (no gloves)
MR       .....                  n - +0 pair of boots
Stlth    ++++++....             p - amulet of magic regeneration
HPRegen  0.23/turn              (no ring)
MPRegen  0.40/turn              (no ring)

@: corroded, wreathed by umbra
A: change form in water, swift swim, stealthy swim, blink, clever 1, poison
resistance, weak 1, evolution 1
a: Blink, Shadow Step, Renounce Religion


You were on level 8 of the Dungeon.
You worshipped Dithmenos.
Dithmenos was pleased with you.
You were not hungry.

You visited 2 branches of the dungeon, and saw 9 of its levels.
You also visited: Sewer.

You collected 292 gold pieces.

Inventory:

Hand Weapons
 a - a +2 dagger of venom (weapon)
 b - a +0 blowgun
Missiles
 e - 61 poisoned needles
 f - 2 curare-tipped needles
Armour
 c - a +0 robe (worn)
 d - a +0 cloak (worn)
 n - a +0 pair of boots (worn)
 D - the +5 shield of Misanthropy {-Cast +Inv SInv Stlth+}
   (You took it off an orc on level 4 of the Dungeon)

   It lets you see invisible.
   It lets you turn invisible.
   It prevents spellcasting.
   It makes you more stealthy.
 I - a +0 leather armour
Jewellery
 p - an amulet of magic regeneration (around neck)
 s - the ring "Jezxyrot" {Fire Str-2 Int+3 Dex+5}
   (You found it on level 5 of the Dungeon)

   [ring of fire]

   It enhances your fire magic.
   It affects your strength (-2).
   It affects your intelligence (+3).
   It affects your dexterity (+5).
   It protects you from fire.
   It makes you vulnerable to cold.
 K - a +2 ring of strength {unknown}
Wands
 A - a wand of digging (11/24)
 C - a wand of disintegration (0/24)
 H - a wand of digging (14/24)
 J - a wand of lightning (0/15)
Scrolls
 h - 2 scrolls of remove curse
 j - 2 scrolls of teleportation
 r - 2 scrolls of fear
 w - 2 scrolls of enchant weapon
 x - a scroll of blinking {unknown}
 y - a scroll of random uselessness {unknown}
 z - 3 scrolls of fog {unknown}
 B - a scroll of amnesia {unknown}
 L - a scroll of silence {unknown}
Potions
 i - 2 potions of magic
 k - 4 potions of lignification
 l - 2 potions of mutation
 o - 2 potions of curing
 q - a potion of brilliance
 E - 2 potions of heal wounds
Books
 G - the Disquisition on Damage Dealing and Air
   (You found it on level 7 of the Dungeon)

   Spells                             Type                      Level
   a - Shock                          Conjuration/Air              1
   b - Magic Dart                     Conjuration                  1
   c - Flame Tongue                   Conjuration/Fire             1
   d - Swiftness                      Charms/Air                   2
   e - Mephitic Cloud                 Conjuration/Poison/Air       3
   f - Lightning Bolt                 Conjuration/Air              5
   g - Iron Shot                      Conjuration/Earth            6
Comestibles
 g - 6 bread rations
 m - 3 meat rations
 t - a royal jelly
 u - 14 fruits


   Skills:
 + Level 4.5 Fighting
 - Level 11.0 Short Blades
 - Level 2.0 Throwing
 + Level 4.7 Dodging
 - Level 11.1 Stealth
 - Level 7.0 Invocations
 - Level 6.4 Evocations


You had 10 spell levels left.
You didn't know any spells.

Dungeon Overview and Level Annotations

Branches:
Dungeon (8/15)             Temple (1/1) D:6
   Lair: D:8-11

Altars:
Ashenzari
Dithmenos
Elyvilon
Fedhas
Kikubaaqudgha
Makhleb
Nemelex Xobeh
Okawaru
Qazlal
Ru
Sif Muna
Trog
Uskayaw
Vehumet
Wu Jian
Xom
Yredelemnul
Zin
The Shining One

Shops:
D:7 (

Annotations:
D:3 exclusion: 2 downstairs
D:6 1 runed door
D:7 exclusion: downstairs
D:8 anything's ghost, journeyman OpHu


Innate Abilities, Weirdness & Mutations

You revert to your normal form in water.
You are very nimble and swift while swimming.
You are very stealthy in the water. (Stealth+)
You can translocate small distances at will.
Your mind is acute. (Int +2)
Your system is resistant to poisons. (rPois)
You are weak. (Str -2)
You evolve.


Message History

You hit the jelly. The acid corrodes you!
Your hands burn!
The jelly is severely wounded.
The jelly hits you.
You are splashed with acid!
The acid burns!
You hit the jelly. The acid corrodes you!
Your hands burn!
The jelly is severely wounded.
You hit the jelly but do no damage.
Your hands burn!
The jelly is severely wounded.
The jelly hits you. The acid corrodes you!
You are splashed with acid!
The acid burns!
* * * LOW HITPOINT WARNING * * *
You hit the jelly but do no damage.
Your hands burn!
* * * LOW HITPOINT WARNING * * *
The jelly is severely wounded.
You hit the jelly but do no damage.
Your hands burn!
* * * LOW HITPOINT WARNING * * *
The jelly is severely wounded.
The jelly hits you.
* * * LOW HITPOINT WARNING * * *
The acid corrodes you!
You are splashed with acid!
The acid burns!
You die...

#.#.#
#.#.#
#.#.#
#.#.#
#.#.#
#.#.#
#.#.#
#.#.#
#.#@#
#.#J#
#.#.#
#.#.#
#.#.#
#.#.#
#...#
#####


You could see a jelly.

Vanquished Creatures
  2 two-headed ogres (D:8)
  The ghost of oki the Chopper, an amateur MiFi (D:4)
  A hippogriff (D:8)
  Sigmund (D:3)
  A wyvern (D:7)
  3 water moccasins (D:7)
  3 orc warriors
  4 ice beasts
  3 sky beasts
  2 black bears (D:6)
  An ogre (D:3)
  A phantom (D:8)
  2 centaurs
  6 big kobolds
  4 bullfrogs
  3 scorpions
  6 killer bees (D:8)
  3 wights (D:6)
  2 howler monkeys
  2 crimson imps
  A bullfrog zombie (D:5)
  A quasit (D:6)
  7 hounds
  2 jellies (D:8)
  A centaur zombie (D:7)
  4 orc priests
  A bullfrog skeleton (D:3)
  Natasha (D:4)
  5 iguanas
  6 orc wizards
  7 worker ants
  A hound zombie (D:5)
  A worker ant zombie (D:7)
  19 adders
  4 gnolls
  A howler monkey skeleton (D:5)
  2 river rats (Sewer)
  2 shadow imps
  10 oozes
  An adder zombie (D:6)
  2 adder skeletons
  6 worms
  3 dart slugs
  5 leopard geckos
  39 orcs
  6 ball pythons
  5 bats
  4 giant cockroaches
  5 goblins
  10 hobgoblins
  12 jackals
  A quokka (D:2)
  9 frilled lizards
  34 kobolds
  A leopard gecko skeleton (D:6)
  A leopard gecko zombie (D:6)
  A quokka skeleton (D:7)
  A quokka zombie (D:5)
  12 rats
285 creatures vanquished.

Vanquished Creatures (others)
  A jelly (D:6)
  A leopard gecko (D:5)
  2 plants (D:6)
4 creatures vanquished.

Grand Total: 289 creatures vanquished

Notes
Turn   | Place    | Note
-------+----------+-------------------------------------------
     0 | D:1      | grindst0ne the Merfolk Assassin began the quest for the Orb.
     0 | D:1      | Reached XP level 1. HP: 16/16 MP: 1/1
   130 | D:1      | Reached XP level 2. HP: 18/22 MP: 2/2
   898 | D:1      | Reached skill level 5 in Stealth
   898 | D:1      | Reached XP level 3. HP: 21/27 MP: 3/3
  1406 | D:2      | Found a sparkling altar of Nemelex Xobeh.
  1480 | D:2      | Reached XP level 4. HP: 17/33 MP: 4/4
  2103 | D:3      | Noticed Sigmund
  2262 | D:3      | Killed Sigmund
  2262 | D:3      | Reached skill level 5 in Short Blades
  2262 | D:3      | Reached XP level 5. HP: 31/38 MP: 5/5
  2262 | D:3      | Reached XP level 6. HP: 36/44 MP: 6/6
  3438 | D:4      | Got a translucent shield
  3444 | D:4      | Identified the +5 shield of Misanthropy {-Cast +Inv SInv Stlth+} (You took it off an orc on level 4 of the Dungeon)
  3491 | D:4      | Noticed oki's ghost (amateur MiFi)
  3547 | D:3      | Reached XP level 7. HP: 21/50 MP: 7/7
  4573 | D:4      | Found a burning altar of Makhleb.
  4843 | D:4      | Noticed Natasha
  4872 | D:4      | Killed Natasha
  5423 | D:4      | Found a blossoming altar of Fedhas.
  5536 | D:5      | Entered Level 5 of the Dungeon
  5801 | D:5      | Found a glowing drain.
  5816 | Sewer    | Entered a sewer
  5879 | Sewer    | Reached XP level 8. HP: 49/56 MP: 8/8
  6517 | D:5      | Gained mutation: You evolve. [potion of mutation]
  6517 | D:5      | Gained mutation: Your system is resistant to poisons. (rPois) [potion of mutation]
  7292 | D:5      | Gained mutation: You can translocate small distances at will. [evolution]
  7379 | D:5      | Got a scorched marble ring
  7602 | D:5      | Found a stormy altar of Qazlal.
  7643 | D:5      | Reached skill level 10 in Stealth
  7875 | D:5      | Reached XP level 9. HP: 45/61 MP: 9/9
  8117 | D:6      | Reached skill level 10 in Short Blades
  8535 | D:6      | Identified the ring "Jezxyrot" {Fire Str-2 Int+3 Dex+5} (You found it on level 5 of the Dungeon)
  8952 | D:6      | Found a staircase to the Ecumenical Temple.
  8979 | Temple   | Entered the Ecumenical Temple
  9196 | Temple   | Became a worshipper of Dithmenos the Shadowed
  9541 | D:6      | Found a runed door.
  9647 | D:6      | Found a stormy altar of Qazlal.
  9756 | D:6      | Found a glowing golden altar of the Shining One.
 10067 | D:6      | Gained mutation: You are weak. (Str -2) [evolution]
 10536 | D:7      | Identified the Disquisition on Damage Dealing and Air
 10753 | D:7      | Reached skill level 1 in Invocations
 10753 | D:7      | Reached skill level 1 in Evocations
 11370 | D:6      | Reached * piety under Dithmenos
 11711 | D:6      | Gained mutation: Your mind is acute. (Int +2) [evolution]
 11730 | D:7      | Found Pemohup's Antique Weapon Emporium.
 11981 | D:7      | Reached XP level 10. HP: 19/67 MP: 11/13
 12608 | D:8      | Reached skill level 5 in Invocations
 13322 | D:8      | Reached skill level 5 in Evocations
 13391 | D:8      | Reached ** piety under Dithmenos
 13932 | D:8      | Noticed a two-headed ogre
 13951 | D:8      | Killed a two-headed ogre
 14523 | D:8      | Noticed anything's ghost (journeyman OpHu)
 14830 | D:4      | Killed oki's ghost
 15757 | D:8      | Noticed a two-headed ogre
 15806 | D:8      | Killed a two-headed ogre
 15812 | D:8      | Reached XP level 11. HP: 18/78 MP: 16/16
 16234 | D:8      | Splashed by a jelly's acid

Vault maps used:
D:1:      dpeg_arrival_line_fractal
D:2:      nemelex_dance_club_becter
D:3:      kennysheep_boxes, uniq_sigmund
D:4:      makhleb_blood_cavern_becter, serial_co_window_serial,
          co_window_of_opportunity_a, co_window_paths_a, co_window_paths_b,
          co_window_paths_b, co_window_paths_b, co_window_cross_2,
          co_window_corner_b, co_window_of_opportunity_b, co_window_broadway_c,
          co_window_4corner_b, glass_columns_b, glass_columns_c,
          glass_columns_a, minmay_misc_feat_alley, corner_web_ring,
          fedhas_altar_4, uniq_natasha
D:5:      gup_sewer_entry_bubbles, first_bread, grunt_qazlal_clouds
D:6:      kennysheep_kobold_camp, nicolae_tso_carved_into_rock,
          lemuel_crystal_altar, minmay_temple_entry_statues_pillars,
          serial_bayou_crossing, uniq_crazy_yiuf_cottage
D:7:      serial_shops, nicolae_shop_trees
D:8:      lemuel_coloured_pillars_altar, hangedman_little_slice_of_home
Temple:   regret_index_temple_generic_petals
Sewer:    sewer_co_tree

Skill      XL: |  1  2  3  4  5  6  7  8  9 10 |
---------------+-------------------------------+-----
Short Blades   | 3 4 5 6 8 9 11 | 11.0
Stealth        | 5 6 7 8 10 11 | 11.1
Invocations    | 4 7 |  7.0
Evocations     | 3 6 |  6.4
Dodging        | 4 |  4.7
Fighting       | 4 |  4.5
Throwing       | |  2.0

Action                   |  1- 3 |  4- 6 |  7- 9 | 10-12 || total
-------------------------+-------+-------+-------+-------++-------
Melee: Dagger            |   107 |   111 |   779 |   326 ||  1323
       Tailslap          |       |       |    12 |       ||    12
 Fire: Blowgun           |       |    20 |    24 |     7 ||    51
Throw: Throwing net      |       |     1 |       |       ||     1
 Abil: Blink             |       |       |       |     1 ||     1
Evoke: Wand              |       |     1 |     1 |     5 ||     7
  Use: Scroll            |       |     4 |     7 |     1 ||    12
       Potion            |       |     1 |     8 |     4 ||    13
 Stab: Sleeping          |     5 |     8 |    35 |       ||    48
       Distracted        |       |       |     1 |     4 ||     5
       Invisible         |       |       |       |     5 ||     5
  Eat: Chunk             |     2 |     6 |    25 |     6 ||    39
       Fruit             |       |       |     1 |       ||     1
       Bread ration      |       |       |       |     2 ||     2
Armor: Robe              |    12 |    14 |    99 |    33 ||   158
Dodge: Dodged            |    53 |    59 |   339 |   143 ||   594
